 Dungeon Crawl Stone Soup version 0.25-a0-346-g140ab784a8 (webtiles) character file.

Game seed: 5895032625518576670, levelgen mode: deterministic

23 night the Insei (level 2, -5/19 HPs)
             Began as an Octopode Transmuter on Dec 31, 2019.
             Killed from afar by Sigmund (8 damage)
             ... with a puff of flame
             ... on level 2 of the Dungeon.
             The game lasted 00:01:36 (1136 turns).

night the Insei (Octopode Transmuter)               Turns: 1136, Time: 00:01:37

Health: -5/19      AC:  1    Str:  9    XL:     2   Next: 95%
Magic:  5/5        EV: 13    Int: 15    God:
Gold:   39         SH:  0    Dex: 12    Spells: 4/5 levels left

rFire    . . .     SeeInvis .     - Unarmed
rCold    . . .     Gourm    .   (no shield)
rNeg     . . .     Faith    .   (helmet restricted)
rPois    .         Spirit   .   (no amulet)
rElec    .         Reflect  .   (no ring)
rCorr    .         Harm     .   (no ring)
MR       .....                  (no ring)
Stlth    ++........             (no ring)
HPRegen  0.06/turn              (no ring)
MPRegen  0.09/turn              (no ring)
                                (no ring)
                                (no ring)

@: appendage (expiring)
A: almost no armour, stealthy swim, amphibious, 8 rings, constrict 8, tentacle
spike 3, camouflage 1, gelatinous body 1
a: End Transformation


You were on level 2 of the Dungeon.
You were hungry.
One of your tentacles had a temporary spike.
You visited 1 branch of the dungeon, and saw 2 of its levels.

You collected 39 gold pieces.

Inventory:

Missiles
 a - 27 arrows
 h - 7 javelins (quivered)
Jewellery
 b - a +6 ring of dexterity {unknown}
Scrolls
 d - a scroll of identify {unknown}
 f - a scroll of magic mapping {unknown}
 j - a scroll of enchant armour {unknown}
Potions
 e - a potion of curing {unknown}
 i - a potion of lignification {unknown}
Comestibles
 c - a ration
 g - a chunk of flesh


   Skills:
 + Level 1.7 Fighting
 - Level 2.0 Dodging
 + Level 3.3 Unarmed Combat
 - Level 2.0 Spellcasting
 + Level 2.5 Transmutations


You had 4 spell levels left.
You knew the following spells:

 Your Spells              Type           Power        Failure   Level  Hunger
a - Beastly Appendage     Tmut           #.....       8%          1    #......

Your spell library contained the following spells:

 Spells                   Type           Power        Failure   Level  Hunger
 Sticks to Snakes         Tmut           #.......     12%         2    ###....
 Spider Form              Tmut/Pois      #.........   36%         3    ###....
 Ice Form                 Ice/Tmut       #.......     78%         4    #####..
 Blade Hands              Tmut           #.........   91%         5    ######.


Dungeon Overview and Level Annotations

Branches:
Dungeon (2/15)

Altars:

Annotations:
D:2 Sigmund


Innate Abilities, Weirdness & Mutations

You cannot wear most types of armour.
You are very stealthy in the water. (Stealth+)
You are amphibious.
You can wear up to eight rings at the same time.
You can use your tentacles to constrict eight enemies at once.
Your skin changes colour to match your surroundings (Stealth+).
Your rubbery body absorbs attacks. (AC +1, EV +1)
One of your tentacles bears a large vicious spike.


Message History

You tentacle-slap Sigmund but do no damage.
You grab Sigmund.
You pierce Sigmund, but do no damage.
You squeeze Sigmund.
Sigmund is moderately wounded.
You constrict Sigmund. Sigmund barely misses you.
You tentacle-slap Sigmund but do no damage.
Sigmund is moderately wounded.
You constrict Sigmund, but do no damage.
You tentacle-slap Sigmund.
You pierce Sigmund.
Sigmund is severely wounded.
Your transformation is almost over.
You constrict Sigmund.
Sigmund's eyes start glowing with a red light.
Sigmund hits you with a +0 scythe.
* * * LOW HITPOINT WARNING * * *
You tentacle-slap Sigmund but do no damage.
Sigmund is severely wounded.
You constrict Sigmund. Sigmund gestures at you while chanting.
The puff of flame hits you!
You die...

###################
................@@# ##
...............##.###...
..############.# .......
#.# #.##....%##
#.############..........
#...............รท..##.##
################...# .#
##### .


You could see Sigmund.

Vanquished Creatures
  3 dart slugs
  A hobgoblin (D:1)
  2 jackals (D:1)
  A kobold (D:1)
  4 bats (D:1)
  A frilled lizard (D:1)
  5 rats
17 creatures vanquished.

Notes
Turn   | Place    | Note
-------+----------+-------------------------------------------
     0 | D:1      | night the Octopode Transmuter began the quest for the Orb.
     0 | D:1      | Reached XP level 1. HP: 13/13 MP: 3/3
   177 | D:1      | Reached XP level 2. HP: 18/18 MP: 5/5
  1113 | D:2      | Noticed Sigmund
  1136 | D:2      | Killed from afar by Sigmund

Levels and vault maps discovered:
D:1:      wander_arrival_abandoned_jail, layout_loops_corners
D:2:      layout_loops_ring, nicolae_ru_path_of_blood, first_ration,
          uniq_sigmund

Action                   || total
-------------------------++-------
Melee: Unarmed           ||    44
       Constrict         ||     9
       Tentacles         ||     5
       Kick              ||     6
 Cast: Beastly Appendage ||     3
 Stab: Sleeping          ||     4
Armor: Skin              ||     6
Dodge: Dodged            ||    20

Table legend:
 A = Non-vault XP
 B = Vault XP
 C = Vault XP percentage of total XP
 D = Non-vault monster count
 E = Vault monster count
 F = Vault count percentage of total count
                 A         B        C        D         E       F
            +---------+---------+-------+---------+---------+-------
      Total |      33 |       0 |   0.0 |      17 |       0 |   0.0
            +---------+---------+-------+---------+---------+-------
        D:1 |      28 |       0 |   0.0 |      15 |       0 |   0.0
        D:2 |       5 |       0 |   0.0 |       2 |       0 |   0.0
            +---------+---------+-------+---------+---------+-------
